 Dungeon Crawl Stone Soup version 0.29.1-13-g9f3cf754e1 (webtiles) character file.

Game seed: 6442807261846977127

4381 KittyFluff the Basher (level 10, -16/63 HPs)
             Began as a Gargoyle Berserker on Jan 31, 2023.
             Was a High Priest of Trog.
             Demolished by a red ugly thing (20 damage)
             ... on level 8 of the Dungeon on Feb 5, 2023.
             The game lasted 00:41:05 (10423 turns).

KittyFluff the Basher (Gargoyle Berserker)         Turns: 10423, Time: 00:41:06

Health: -16/63     AC: 24    Str: 22    XL:     10   Next: 35%
Magic:  10/10      EV: 14    Int:  9    God:    Trog [*****.]
Gold:   273        SH:  6    Dex: 20    Spells: 9/9 levels left

rFire   . . .      SeeInvis .   M - +0 flail
rCold   + . .      Faith    .   j - +0 buckler
rNeg    + . .      Spirit   .   I - +0 leather armour {Will+}
rPois   ∞          Reflect  .   (no helmet)
rElec   +          Harm     .   w - +0 cloak
rCorr   +          Rampage  .   J - +0 pair of gloves {Dex+3}
Will    +....                   h - +5 pair of boots of Doyxtid {rC+ rCorr}
Stlth   ++........              (no amulet)
HPRegen 0.20/turn               q - +6 ring of dexterity
MPRegen 0.12/turn               G - +4 ring of protection

@: no status effects
A: sickness immunity, AC +7, negative energy resistance 1, electricity
resistance, torment resistance 1, petrification resistance
a: Renounce Religion, Berserk, Trog's Hand, Brothers in Arms


You were on level 8 of the Dungeon.
You worshipped Trog.
Trog was extremely pleased with you.
You visited 1 branch of the dungeon, and saw 8 of its levels.
You also visited: Sewer.

You collected 663 gold pieces.
You spent 390 gold pieces at shops.

Inventory:

Hand Weapons
 a - a +0 mace
 l - a +0 sling
 v - the +6 long sword "Hydra's Nightmare" {speed, Str+7}
   (You found it on level 3 of the Dungeon)

   Attacks with this weapon are significantly faster.
   Str:       It affects your strength (+7).
 M - a +0 flail (weapon)
Missiles
 e - 34 stones (quivered)
 t - 2 boomerangs
 u - 6 poisoned darts
 A - 4 javelins
Armour
 h - the +5 pair of boots of Doyxtid (worn) {rC+ rCorr}
   (You found it on level 7 of the Dungeon)

   rC:        It protects you from cold.
   rCorr:     It protects you from acid and corrosion.
 j - a +0 buckler (worn)
 m - a +0 ring mail
 n - a +0 chain mail
 w - a +0 cloak (worn)
 D - a +1 robe of cold resistance
 I - a +0 leather armour of willpower (worn)
 J - a +0 pair of gloves of dexterity (worn)
 K - the +2 pair of boots "Wuotumob" {rF- Will+ Dex+4}
   (You bought it in a shop on level 6 of the Dungeon)

   Dex:       It affects your dexterity (+4).
   rF:        It makes you vulnerable to fire.
   Will:      It increases your willpower.
Jewellery
 q - a +6 ring of dexterity (left hand)
 y - a ring of willpower
 G - a +4 ring of protection (right hand)
Wands
 c - a wand of flame (13)
 C - a wand of iceblast (2)
Scrolls
 b - 9 scrolls of teleportation
 g - 3 scrolls of poison {unknown}
 i - a scroll of enchant weapon
 k - 3 scrolls of amnesia {unknown}
 o - 2 scrolls of noise {unknown}
 r - 2 scrolls of immolation {unknown}
 s - 2 scrolls of magic mapping
 B - a scroll of brand weapon
 E - a scroll of butterflies {unknown}
 H - a scroll of torment
 L - 3 scrolls of blinking {unknown}
 P - a scroll of enchant armour
Potions
 d - 5 potions of curing
 f - 2 potions of mutation
 p - 4 potions of flight
 x - 2 potions of magic
 z - 2 potions of lignification
 F - 2 potions of heal wounds
 O - a potion of invisibility {unknown}


   Skills:
 + Level 7.0 Fighting
 + Level 9.5 Maces & Flails
 + Level 1.1 Throwing
 * Level 7.4 Armour
 + Level 5.4 Dodging
 + Level 1.9 Stealth
 + Level 4.4 Shields


You had 9 spell levels left.
You didn't know any spells.
Your spell library was empty.

Dungeon Overview and Level Annotations

Branches:
Dungeon (8/15)             Temple (0/1) D:7           Sewer (visited)
   Lair: D:8-11

Altars:
Fedhas

Shops:
D:4 *   D:6 [

Portals:
Bailey: D:8


Innate Abilities, Weirdness & Mutations

You are immune to sickness and miasma.
Your stone body is resilient. (AC +7)
You are immune to poison.
You resist negative energy. (rN+)
You are resistant to electric shocks. (rElec)
You are resistant to unholy torment.
You are immune to petrification.


Message History

A goblin comes into view.
Found a flagged portal and an escape hatch in the floor.
You hear the faint creaking of a portcullis very nearby. 3 goblins come into view.
The goblin shouts! x2
A red ugly thing comes into view.
Found a dagger.
The goblin shouts!
The goblin throws a boomerang.
The boomerang closely misses you. The goblin attacks as you move away!
The goblin closely misses you. You block the goblin's attack.
The red ugly thing gurgles horribly!
You bludgeon the goblin!!
You kill the goblin!
Trog accepts your kill.
You hit the goblin.
You kill the goblin!
Trog accepts your kill.
The goblin throws a boomerang.
The boomerang barely misses you.
You sock the goblin!
You kill the goblin!
Trog accepts your kill.
You sock the red ugly thing!
The red ugly thing is moderately wounded.
The goblin throws a boomerang.
You block the boomerang.
The red ugly thing completely misses you.
You hit the red ugly thing.
The red ugly thing is moderately wounded.
The red ugly thing trunk-slaps you.
You are engulfed in flames!!
You barely miss the red ugly thing.
The red ugly thing is moderately wounded.
The goblin throws a boomerang.
The boomerang closely misses you. The red ugly thing trunk-slaps you.
You are engulfed in flames!!
* * * LOW HITPOINT WARNING * * *
You sock the red ugly thing!
The red ugly thing is heavily wounded.
The red ugly thing trunk-slaps you.
* * * LOW HITPOINT WARNING * * *
You are engulfed in flames!!
You die...

#................#*
#.#..##..........#
#.#..............#
#...###..........#
#..####..#..#...##
...**#...........#######
#..*#..##.....#........#
*,**#..*###..<#..#.....#
*,,....* #...##@u.....#
*,.....* ###.###g.....#
**...,,* ###........#
**,,,,,* #.≈≈~≈≈..#
,,,,,,,* #.≈...≈..#
**,,,,,* #.~.∩>~..#
*,,,,,* #)≈...≈..#
*,,,,,* #.≈≈~≈≈..#
******* #........#


You could see a red ugly thing and a goblin.

Vanquished Creatures
  Pikel (D:4)
  An unseen horror (D:7)
  Prince Ribbit (D:6)
  3 yaks (D:8)
  Eustachio (D:4)
  A water moccasin (D:6)
  Duvessa (D:5)
  An ice beast (D:7)
  An ogre (D:7)
  2 centaurs
  4 lemures (D:3)
  A phantom (D:6)
  3 bullfrogs
  4 necrophages
  2 scorpions
  10 wights (D:7)
  Dowan (D:5)
  2 howler monkeys (D:7)
  7 hounds
  3 orc priests
  A gnoll bouda (D:7)
  Crazy Yiuf (D:3)
  6 iguanas
  6 orc wizards
  A merfolk avatar (Sewer)
  A merfolk siren (Sewer)
  10 gnolls
  10 adders
  2 river rats (Sewer)
  4 shadow imps
  A white imp (D:7)
  A worm (D:3)
  3 dart slugs
  32 orcs
  5 bats
  4 endoplasms
  7 giant cockroaches
  6 goblins
  6 hobgoblins
  12 jackals
  3 quokkas
  13 ball pythons
  3 frilled lizards
  4 kobolds
  25 rats
217 creatures vanquished.

Notes
Turn   | Place    | Note
-------+----------+-------------------------------------------
     0 | D:1      | KittyFluff the Gargoyle Berserker began the quest for the
                  | Orb.
     0 | D:1      | Reached XP level 1. HP: 14/14 MP: 1/1
   332 | D:1      | Reached XP level 2. HP: 19/19 MP: 2/2
   850 | D:1      | Found a faded altar of an unknown god.
  1005 | D:1      | Reached XP level 3. HP: 24/24 MP: 3/3
  1628 | D:2      | Reached ** piety under Trog
  1903 | D:2      | Reached XP level 4. HP: 27/29 MP: 4/4
  2163 | D:3      | Reached skill level 4 in Maces & Flails
  2163 | D:3      | Reached XP level 5. HP: 15/33 MP: 5/5
  2319 | D:3      | Found a glowing drain.
  2334 | Sewer    | Entered a sewer
  2716 | Sewer    | Reached *** piety under Trog
  2742 | Sewer    | Noticed a malarious merfolk avatar
  2770 | Sewer    | Killed a malarious merfolk avatar
  2771 | Sewer    | Reached XP level 6. HP: 34/39 MP: 6/6
  3014 | D:3      | Reached skill level 1 in Shields
  3622 | D:3      | Identified the +6 long sword "Hydra's Nightmare" {speed,
                  | Str+7}
  3701 | D:3      | Found a runed translucent door.
  3702 | D:3      | Noticed Crazy Yiuf
  3709 | D:3      | Killed Crazy Yiuf
  3710 | D:3      | Reached skill level 5 in Maces & Flails
  3803 | D:4      | Noticed Eustachio
  3867 | D:4      | Noticed Pikel
  4431 | D:4      | Reached XP level 7. HP: 44/44 MP: 7/7
  5032 | D:4      | Killed Eustachio
  5035 | D:4      | Reached skill level 5 in Fighting
  5453 | D:4      | Reached skill level 6 in Maces & Flails
  5649 | D:4      | Reached XP level 8. HP: 46/49 MP: 8/8
  5664 | D:4      | Found Decemn's Assorted Antiques.
  5874 | D:4      | Killed Pikel
  5875 | D:4      | Reached skill level 5 in Armour
  6199 | D:5      | Entered Level 5 of the Dungeon
  6221 | D:5      | Noticed Duvessa
  6221 | D:5      | Noticed Dowan
  6371 | D:5      | Reached skill level 7 in Maces & Flails
  6537 | D:5      | Reached **** piety under Trog
  6837 | D:5      | Reached skill level 1 in Stealth
  7247 | D:5      | Reached XP level 9. HP: 54/55 MP: 9/9
  7258 | D:5      | Killed Dowan
  7274 | D:5      | Killed Duvessa
  7884 | D:6      | Found Xuylan's Antique Armour Shoppe.
  7888 | D:6      | Bought a pair of glowing gloves for 172 gold pieces
  7888 | D:6      | Bought a pair of bloodstained boots for 218 gold pieces
  7888 | D:6      | Identified the +2 pair of boots "Wuotumob" {rF- Will+
                  | Dex+4} (You bought it in a shop on level 6 of the Dungeon)
  8055 | D:6      | Noticed Prince Ribbit
  8090 | D:6      | Killed Prince Ribbit
  8091 | D:6      | Reached skill level 8 in Maces & Flails
  8917 | D:7      | Identified the +5 pair of boots of Doyxtid {rC+ rCorr}
  9374 | D:7      | Killed an unseen horror
  9375 | D:7      | Reached skill level 1 in Throwing
  9375 | D:7      | Reached skill level 5 in Dodging
  9674 | D:7      | Reached XP level 10. HP: 50/61 MP: 10/10
  9770 | D:7      | Found a blossoming altar of Fedhas.
  9829 | D:7      | Reached skill level 9 in Maces & Flails
 10124 | D:7      | Found a staircase to the Ecumenical Temple.
 10152 | D:7      | Reached ***** piety under Trog
 10408 | D:8      | Found a flagged portal.
 10410 | D:8      | Noticed a red ugly thing
 10423 | D:8      | Demolished by a red ugly thing

Illustrated notes

Levels and vault maps discovered:
D:1:      mrwooster_arrival_statue_3, layout_loops_corners,
          nicolae_ecumenical_snake_handling, minmay_tetromino_l2
D:2:      layout_basic
D:3:      layout_loops_ring, portal_sewer_entry_a, uniq_crazy_yiuf_cottage
D:4:      layout_gridville, serial_shops, nicolae_shop_crystal, hex_tiny,
          uniq_pikel, uniq_eustachio
D:5:      layout_cave_pods, minmay_chambers_of_fives, uniq_duvessa
D:6:      layout_basic, serial_shops, nicolae_shop_hallway_stairs,
          serial_park_tiny_1, uniq_prince_ribbit1
D:7:      layout_loops_cross, mainiacjoe_overflow_surrounded_room,
          temple_doors_e
D:8:      layout_rooms, enter_bailey_5

Skill      XL: |  1  2  3  4  5  6  7  8  9 10 |
---------------+-------------------------------+-----
Fighting       | 4 5 6 7 |  7.0
Dodging        | 2 3 4 5 |  5.4
Armour         | 3 4 5 7 |  7.4
Maces & Flails | 4 5 6 7 8 9 |  9.5
Shields        | 1 2 3 4 |  4.4
Stealth        | 1 |  1.9
Throwing       | 1 |  1.1

Action                   |  1- 3 |  4- 6 |  7- 9 | 10-12 || total
-------------------------+-------+-------+-------+-------++-------
Melee: Mace              |   114 |   350 |   366 |       ||   830
       Punch             |     1 |       |       |       ||     1
       Flail             |       |       |   125 |   125 ||   250
Throw: Stone             |       |       |    19 |       ||    19
Invok: Berserk           |     1 |     2 |     5 |     1 ||     9
  Use: Scroll            |       |     3 |     8 |     3 ||    14
       Potion            |       |       |     2 |       ||     2
 Stab: Sleeping          |       |       |     2 |       ||     2
Armor: Leather armour    |    65 |   135 |   223 |    33 ||   456
       Robe              |       |       |    86 |       ||    86
Dodge: Dodged            |   102 |   189 |   368 |    60 ||   719
Block: Buckler           |    10 |    65 |   125 |    23 ||   223
